 Dungeon Sprint DCSS version 0.23.2-1-ga50397a (webtiles) character file.

Game seed: 16937083906736856816

50960 esteth the Slayer (level 14, -3/160 HPs)
             Began as a Minotaur Monk on Apr 21, 2019.
             Was the Champion of Qazlal.
             Slain by a spriggan defender
             ... wielding a +4 lajatang of distortion
              (14 damage)
             ... in the Dungeon (Sprint V: "Ziggurat Sprint").
             The game lasted 00:16:44 (3727 turns).

esteth the Slayer (Minotaur Monk)                   Turns: 3727, Time: 00:16:45

Health: -3/160     AC: 42    Str: 30    XL:     14   Next: 21%
Magic:  0/21       EV: 19    Int:  6    God:    Qazlal [******]
Gold:   0          SH:  8    Dex: 16    Spells: 13/13 levels left

rFire    . . .     SeeInvis +   J - +7 lajatang of Order {silver, rMut}
rCold    . . .     Gourm    .   (shield currently unavailable)
rNeg     + . .     Faith    .   G - +15 Maxwell's patent armour {-Cast -Tele rElec MR+ rCorr}
rPois    +         Spirit   +   (helmet restricted)
rElec    +         Reflect  .   X - +2 ratskin cloak {+Rats rPois rN+ Str-1 Int-1 Dex+1}
rCorr    +         Harm     .   Q - +1 pair of gloves {Str+3}
rMut     +         NoTele   +   (no boots)
MR       +++..     NoCast   +   L - amulet of guardian spirit
Stlth    +.........             p - +6 ring of strength
HPRegen  0.36/turn              R - ring "Wuseckas" {-Tele MR+ Str+3 SInv}
MPRegen  0.17/turn

@: protected from physical damage, hasted, studying Maces & Flails, repel
missiles, very quick
A: retaliatory headbutt, horns 2
a: Upheaval, Elemental Force, Disaster Area, Renounce Religion, Evoke Ratskin


You were in the Dungeon.
You worshipped Qazlal.
Qazlal was exalted by your worship.
You were very hungry.

You visited 1 branch

Inventory:

Hand Weapons
 a - a +0 hand axe
 x - a +5 broad axe
 I - the +6 shillelagh "Devastator" {shatter}
   (You found it in the Dungeon)
 J - the +7 lajatang of Order (weapon) {silver, rMut}
   (You found it in the Dungeon)

   It protects you from mutation.
Armour
 b - a +0 robe
 j - +5 gold dragon scales
 k - a +3 shield
 G - the +15 Maxwell's patent armour (worn) {-Cast -Tele rElec MR+ rCorr}
   (You found it in the Dungeon)

   It insulates you from electricity.
   It affects your resistance to hostile enchantments.
   It prevents spellcasting.
   It prevents most forms of teleportation.
   It provides partial protection from all sources of acid and corrosion.
 H - the +18 shield of the Gong {rElec rN+ MR+ EV-5}
   (You found it in the Dungeon)

   It affects your evasion (-5).
   It insulates you from electricity.
   It protects you from negative energy.
   It affects your resistance to hostile enchantments.
 Q - a +1 pair of gloves of strength (worn)
 X - the +2 ratskin cloak (worn) {+Rats rPois rN+ Str-1 Int-1 Dex+1}
   (You found it in the Dungeon)

   It affects your strength (-1).
   It affects your intelligence (-1).
   It affects your dexterity (+1).
   It protects you from poison.
   It protects you from negative energy.
Jewellery
 e - an uncursed ring of fire
 l - a +6 ring of dexterity
 m - a +6 ring of dexterity
 n - a +6 ring of intelligence
 o - a +6 ring of intelligence
 p - a +6 ring of strength (left hand)
 q - a +6 ring of strength
 L - an amulet of guardian spirit (around neck)
 N - the amulet of the Air {Inacc +Fly rElec EV+5 RMsl}
   (You found it in the Dungeon)

   [amulet of inaccuracy]

   It reduces the accuracy of all your attacks.
   It affects your evasion (+5).
   It insulates you from electricity.
   It lets you fly.
   It protects you from missiles.
 O - the ring "Wooreacw" {rPois rC++ Str+2 Dex-4 SInv}
   (You found it in the Dungeon)

   [ring of see invisible]

   It affects your strength (+2).
   It affects your dexterity (-4).
   It greatly protects you from cold.
   It protects you from poison.
   It lets you see invisible.
 P - a +3 ring of strength
 R - the ring "Wuseckas" (right hand) {-Tele MR+ Str+3 SInv}
   (You found it in the Dungeon)

   [ring of see invisible]

   It affects your strength (+3).
   It affects your resistance to hostile enchantments.
   It lets you see invisible.
   It prevents most forms of teleportation.
 S - a +2 ring of protection
 U - an uncursed ring of wizardry
 W - an uncursed ring of magical power
 Z - the ring "Qunkimayse" {AC+4 Dex+3}
   (You found it in the Dungeon)

   [ring of protection]

   It affects your AC (+4).
   It affects your dexterity (+3).
Wands
 r - a wand of disintegration (7)
 s - a wand of iceblast (7)
 t - a wand of acid (7)
Scrolls
 i - 4 scrolls of blinking
 y - 4 scrolls of amnesia
 B - 7 scrolls of fog
 C - a scroll of holy word
 D - 5 scrolls of identify
 E - 5 scrolls of remove curse
 F - 2 scrolls of fear
 K - 4 scrolls of enchant weapon
 V - 2 scrolls of brand weapon
Potions
 d - 8 potions of curing
 f - 7 potions of haste
 g - 7 potions of magic
 h - 3 potions of berserk rage
 u - 2 potions of brilliance
 v - 2 potions of invisibility
 w - 4 potions of resistance
 z - 5 potions of agility
 A - 5 potions of might
Books
 T - a manual of Maces & Flails
Miscellaneous
 M - 5 boxes of beasts
 Y - a phial of floods
Comestibles
 c - 5 rations


   Skills:
 + Level 24.4 Fighting
 - Level 6.2 Axes
 - Level 21.2 Staves
 + Level 18.3 Armour
 + Level 16.8 Dodging
 - Level 12.2 Stealth
 + Level 11.1 Invocations


You had 13 spell levels left.
You didn't know any spells.
Your spell library contained the following spells:

 Spells                   Type           Power        Failure   Level  Hunger
 Animate Skeleton         Necr           N/A          92%         1    ##.....
 Flame Tongue             Conj/Fire      #....        92%         1    ##.....
 Magic Dart               Conj           #...         92%         1    ##.....
 Summon Butterflies       Summ           #.......     92%         1    ##.....
 Blink                    Tloc           N/A          98%         2    ###....
 Call Imp                 Summ           #.......     98%         2    ###....
 Corpse Rot               Necr           N/A          98%         2    ###....
 Slow                     Hex            #.......     98%         2    ###....
 Throw Flame              Conj/Fire      #.....       98%         2    ###....
 Throw Frost              Conj/Ice       #.....       98%         2    ###....
 Call Canine Familiar     Summ           #.......     100%        3    ####...
 Conjure Flame            Conj/Fire      #.......     100%        3    ####...
 Gell's Gravitas          Tloc           #.........   100%        3    ####...
 Mephitic Cloud           Conj/Pois/Air  #.......     100%        3    ####...
 Ozocubu's Armour         Chrm/Ice       #.......     100%        3    ####...
 Portal Projectile        Hex/Tloc       #.....       100%        3    ####...
 Static Discharge         Conj/Air       #.......     100%        3    ####...
 Stone Arrow              Conj/Erth      #.....       100%        3    ####...
 Cause Fear               Hex            #.........   100%        4    #####..
 Force Lance              Conj/Tloc      #.......     100%        4    #####..
 Leda's Liquefaction      Hex/Erth       #.........   100%        4    #####..
 Summon Ice Beast         Ice/Summ       #.......     100%        4    #####..
 Throw Icicle             Conj/Ice       #.......     100%        4    #####..
 Agony                    Necr           #.......     100%        5    ######.
 Bolt of Draining         Conj/Necr      #.........   100%        5    ######.
 Bolt of Magma            Conj/Fire/Erth #.........   100%        5    ######.
 Borgnjor's Vile Clutch   Necr/Erth      #.........   100%        5    ######.
 Dispel Undead            Necr           #.......     100%        5    ######.
 Iskenderun's Battlesphe  Conj/Chrm      #.......     100%        5    ######.
 Summon Forest            Summ/Tloc      #.........   100%        5    ######.
 Summon Mana Viper        Hex/Summ       #.......     100%        5    ######.
 Venom Bolt               Conj/Pois      #.........   100%        5    ######.
 Bolt of Cold             Conj/Ice       #.........   100%        6    #######
 Bolt of Fire             Conj/Fire      #.........   100%        6    #######
 Conjure Ball Lightning   Conj/Air       #.........   100%        6    #######
 Dispersal                Tloc           #.........   100%        6    #######
 Hydra Form               Tmut           #.........   100%        6    #######
 Iron Shot                Conj/Erth      #.........   100%        6    #######
 Statue Form              Tmut/Erth      #........    100%        6    #######
 Dragon Form              Tmut           #.........   100%        7    #######
 Orb of Destruction       Conj           #.........   100%        7    #######
 Spellforged Servitor     Conj/Summ      #.........   100%        7    #######
 Summon Hydra             Summ           #.........   100%        7    #######
 Controlled Blink         Tloc           N/A          100%        8    #######
 Disjunction              Tloc           #.........   100%        8    #######
 Dragon's Call            Summ           #.........   100%        9    #######
 Shatter                  Erth           #.........   100%        9    #######


Dungeon Overview and Level Annotations

Branches:
Dungeon (1/1)

Altars:
Ashenzari
Cheibriados
Dithmenos
Elyvilon
Fedhas
Gozag
Hepliaklqana
Kikubaaqudgha
Makhleb
Nemelex Xobeh
Okawaru
Qazlal
Ru
Sif Muna
Trog
Uskayaw
Vehumet
Wu Jian
Xom
Yredelemnul
Zin
The Shining One
Beogh
Jiyva
Lugonu


Innate Abilities, Weirdness & Mutations

You reflexively headbutt those who attack you in melee.
You have a pair of horns on your head.


Message History

The elephant is engulfed in blazing flames.
You kill the elephant!
The elephant's corpse disappears in a puff of smoke!
The spriggan defender hits you but does no damage.
Space bends around you.
* * * LOW HITPOINT WARNING * * *
You block the polar bear's attack. The polar bear misses you.
The polar bear claws you but does no damage.
Okay, then.
You escape the roots' grasp.
You feel sick.
You hear an angry growl.
The spriggan berserker is engulfed in blazing flames.
The death yak rages.
The polar bear is engulfed in blazing flames.
You block the spriggan defender's attack.
The spriggan berserker rages.
The death yak is engulfed in blazing flames.
You feel better.
The spriggan defender hits you with a +4 lajatang of distortion!
You die...

)).........8▓▓...............▓...
().....}..._▓▓......[........▓...
.).....=...8▓▓...............▓...
.......|..._▓▓.....f)).......▓...
.[.........8▓▓.......†.......▓..▓
.[.<......._▓▓.....Y.........▓.▓▓
...........8▓▓...▓.hi....▓...▓..▓
..........._▓▓..▓▓▓hi.f.▓▓ .▓...
_8_8_8_8_8_8▓▓.○@▓.i).y..▓...▓...
▓▓▓▓▓▓▓▓▓▓▓▓▓▓...iih.i.......▓▓▓▓
▓.§..Yi.©.......▓...
▓▓▓▓▓▓▓▓▓▓▓▓▓▓▓▓▓..) ▓..[ ▓...
▓... ▓... ▓...


You could see a death yak (berserk), 2 spriggan defenders, 2 spriggan berserkers
and a polar bear (berserk).

Vanquished Creatures
  A lich (D)
  A deep elf master archer (D)
  A deep elf blademaster (D)
  2 nagarajas (D)
  A deep elf sorcerer (D)
  A spriggan defender (D)
  2 apis (D)
  2 vampire knights (D)
  A deep elf annihilator (D)
  3 merfolk javelineers (D)
  A blizzard demon (D)
  2 merfolk impalers (D)
  6 spriggan air magi (D)
  2 hydras (D)
  4 anacondas (D)
  An alligator snapping turtle (D)
  A satyr (D)
  3 dancing weapons (D)
  2 hell hogs (D)
  2 spriggan berserkers (D)
  A deep elf knight (D)
  2 skeletal warriors (D)
  A spriggan druid (D)
  A harpy (D)
  4 deep elf magi (D)
  2 oklob plants (D)
  2 guardian serpents (D)
  4 toenail golems (D)
  3 black mambas (D)
  A merfolk siren (D)
  An efreet (D)
  2 spiny frogs (D)
  3 ice devils (D)
  A rime drake (D)
  2 freezing wraiths (D)
  2 dryads (D)
  A tormentor (D)
  A merfolk (D)
  2 wind drakes (D)
  3 hornets (D)
  A water elemental (D)
  2 spriggans (D)
  2 flying skulls (D)
  3 shadows (D)
  2 yaks (D)
  A wraith (D)
  A golden eye (D)
  A fire elemental (D)
  2 hell hounds (D)
  A naga (D)
  5 water moccasins (D)
  3 porcupines (D)
  3 ice beasts (D)
  An orc warrior (D)
  2 black bears (D)
  2 necrophages (D)
  3 wolves (D)
  A crocodile (D)
  A bullfrog (D)
  5 wights (D)
  2 jellies (D)
  An orc priest (D)
  3 iguanas (D)
  3 orc wizards (D)
  A mummy (D)
  2 river rats (D)
  A white imp (D)
  An ooze (D)
  5 adder zombies (D)
  4 adder skeletons (D)
  3 orcs (D)
  A ball python (D)
  3 bat skeletons (D)
  5 bat zombies (D)
  3 jackals (D)
  3 giant cockroach zombies (D)
  A jackal simulacrum (D)
  A jackal skeleton (D)
  A leopard gecko skeleton (D)
  2 leopard gecko zombies (D)
  2 quokka skeletons (D)
  2 quokka zombies (D)
  4 butterflies (D)
174 creatures vanquished.

Vanquished Creatures (others)
  A wight (D)
  An adder (D)
  A ball python (D)
  2 fire vortices (D)
5 creatures vanquished.

Grand Total: 179 creatures vanquished

Notes
Turn   | Place    | Note
-------+----------+-------------------------------------------
     0 | D        | Found the +6 Majin-Bo {vamp, Archmagi MP+6 Int+6}
     0 | D        | Found the +7 great mace "Firestarter" {inner flame, rF++}
     0 | D        | esteth the Minotaur Monk began the quest for the Orb.
     0 | D        | Reached XP level 1. HP: 19/19 MP: 0/0
    13 | D        | Found a blossoming altar of Fedhas.
    20 | D        | Found a viscous altar of Jiyva.
    20 | D        | Found a hazy altar of Hepliaklqana.
    20 | D        | Found a transporter.
    20 | D        | Found an opulent altar of Gozag.
    20 | D        | Found an ancient bone altar of Kikubaaqudgha.
    20 | D        | Found a corrupted altar of Lugonu.
    24 | D        | Found a burning altar of Makhleb.
    25 | D        | Found a stormy altar of Qazlal.
    25 | D        | Found a sacrificial altar of Ru.
    25 | D        | Found an iron altar of Okawaru.
    25 | D        | Found a deep blue altar of Sif Muna.
    25 | D        | Found a sparkling altar of Nemelex Xobeh.
    25 | D        | Found a bloodstained altar of Trog.
    43 | D        | Reached skill level 6 in Fighting
    43 | D        | Reached XP level 2. HP: 30/30 MP: 1/1
    68 | D        | Found the +9 heavy crossbow "Sniper" {velocity, Acc+∞ SInv}
    68 | D        | Found the +10 dark maul {crush}
    68 | D        | Found the +15 Maxwell's patent armour {-Cast -Tele rElec
                  | MR+ rCorr}
    68 | D        | Found the +18 shield of the Gong {rElec rN+ MR+ EV-5}
    68 | D        | Found the cursed +14 obsidian axe {chop, +Fly SInv *Curse}
    90 | D        | Found the +6 shillelagh "Devastator" {shatter}
    90 | D        | Found the +11 plutonium sword {*Contam Stlth-}
    90 | D        | Found the +8 lance "Wyrmbane" {slay drac, rPois rF+ rC+
                  | AC+3}
    90 | D        | Found the +9 sword of Zonguldrok {reap}
    90 | D        | Found the cursed +13 scythe of Curses {drain, *Curse}
    90 | D        | Found the +0 sword of Power
    90 | D        | Found the +7 mace of Variability {chain chaos}
    90 | D        | Found the +7 Singing Sword {slice, sonic wave}
    90 | D        | Found the +7 longbow "Piercer" {penet, EV-2}
    99 | D        | Became a worshipper of Qazlal Stormbringer
    99 | D        | Reached * piety under Qazlal
    99 | D        | Reached ** piety under Qazlal
   112 | D        | Entered arena 2.
   112 | D        | Found a transporter.
   113 | D        | Found the +7 lajatang of Order {silver, rMut}
   127 | D        | Entered arena 3.
   127 | D        | Noticed a fire elemental
   127 | D        | Noticed a deep elf mage
   127 | D        | Noticed a +1 hand axe of freezing
   127 | D        | Found a transporter.
   131 | D        | Killed a deep elf mage
   131 | D        | Reached skill level 10 in Staves
   131 | D        | Reached XP level 3. HP: 22/38 MP: 2/2
   131 | D        | Reached XP level 4. HP: 27/45 MP: 3/3
   131 | D        | Reached XP level 5. HP: 30/51 MP: 4/4
   131 | D        | Reached XP level 6. HP: 34/58 MP: 5/5
   133 | D        | Killed a fire elemental
   133 | D        | Reached *** piety under Qazlal
   133 | D        | Reached XP level 7. HP: 39/64 MP: 6/6
   146 | D        | Killed a +1 hand axe of freezing
   146 | D        | Reached skill level 10 in Stealth
   146 | D        | Reached XP level 8. HP: 39/71 MP: 7/7
   299 | D        | Entered arena 4.
   299 | D        | Noticed a toenail golem
   299 | D        | Noticed a toenail golem
   299 | D        | Noticed a toenail golem
   299 | D        | Noticed a toenail golem
   299 | D        | Found a transporter.
   300 | D        | Found the +2 Maxwell's thermic engine {flame, freeze}
   303 | D        | Killed a toenail golem
   303 | D        | Reached skill level 7 in Fighting
   309 | D        | Killed a toenail golem
   309 | D        | Reached skill level 8 in Fighting
   309 | D        | Reached skill level 5 in Dodging
   311 | D        | Killed a toenail golem
   311 | D        | Reached skill level 9 in Fighting
   311 | D        | Reached XP level 9. HP: 56/83 MP: 2/8
   317 | D        | Killed a toenail golem
   317 | D        | Reached **** piety under Qazlal
   428 | D        | Entered arena 5.
   428 | D        | Found a transporter.
   429 | D        | Found the amulet of the Air {Inacc +Fly rElec EV+5 RMsl}
   444 | D        | Reached ***** piety under Qazlal
   479 | D        | Entered arena 6.
   479 | D        | Found a transporter.
   503 | D        | Entered arena 7.
   503 | D        | Noticed a spriggan druid
   503 | D        | Noticed a spriggan rider
   503 | D        | Noticed a spriggan rider
   504 | D        | Found the +3 giant club "Skullcrusher" {speed, Str+7}
   505 | D        | Found a transporter.
   509 | D        | Killed a spriggan druid
   509 | D        | Reached skill level 10 in Fighting
   510 | D        | Reached skill level 11 in Fighting
   516 | D        | Paralysed by a hornet for 1 turns
   520 | D        | Killed a spriggan rider
   520 | D        | Reached skill level 5 in Invocations
   520 | D        | Reached skill level 12 in Fighting
   520 | D        | Reached XP level 10. HP: 49/99 MP: 0/14
   525 | D        | Reached ****** piety under Qazlal
   756 | D        | Got Wowabbapy's Disquisition on Flying Dark Secrets
   766 | D        | Entered arena 8.
   767 | D        | Found a transporter.
   770 | D        | Reached skill level 13 in Fighting
   796 | D        | Entered arena 9.
   796 | D        | Noticed a hell hog
   796 | D        | Noticed a hell hog
   804 | D        | Killed a hell hog
   811 | D        | Reached skill level 14 in Fighting
   813 | D        | Killed a hell hog
   814 | D        | Found a transporter.
   987 | D        | Got the ring "Wuseckas" {-Tele MR+ Str+3 SInv}
  1013 | D        | Entered arena 10.
  1014 | D        | Found a transporter.
  1021 | D        | Reached skill level 10 in Invocations
  1055 | D        | Got Sif Muna's Catalogue of Harmful Evil
  1131 | D        | Entered arena 11.
  1132 | D        | Found a transporter.
  1166 | D        | Entered arena 12.
  1166 | D        | Noticed a deep elf blademaster
  1166 | D        | Noticed a deep elf mage
  1166 | D        | Noticed a deep elf annihilator
  1166 | D        | Noticed a deep elf knight
  1166 | D        | Noticed a deep elf mage
  1166 | D        | Noticed a +2 scimitar of holy wrath
  1167 | D        | Noticed a deep elf master archer
  1167 | D        | Noticed a deep elf sorcerer
  1167 | D        | Noticed a deep elf mage
  1167 | D        | Noticed a +1 scimitar of electrocution
  1168 | D        | Killed a deep elf mage
  1169 | D        | Found a transporter.
  1169 | D        | Killed a deep elf mage
  1169 | D        | Reached skill level 10 in Armour
  1170 | D        | Killed a deep elf blademaster
  1170 | D        | Reached skill level 15 in Staves
  1170 | D        | Reached skill level 10 in Dodging
  1170 | D        | Reached XP level 11. HP: 111/111 MP: 9/17
  1175 | D        | Killed a deep elf sorcerer
  1175 | D        | Killed a deep elf mage
  1177 | D        | Killed a deep elf annihilator
  1177 | D        | Killed a deep elf knight
  1180 | D        | Killed a deep elf master archer
  1183 | D        | Killed a +1 scimitar of electrocution
  1190 | D        | Killed a +2 scimitar of holy wrath
  1190 | D        | Reached XP level 12. HP: 35/118 MP: 3/18
  1535 | D        | Got the ring "Wooreacw" {rPois rC++ Str+2 Dex-4 SInv}
  1562 | D        | Entered arena 13.
  1562 | D        | Noticed a merfolk javelineer
  1562 | D        | Noticed a merfolk javelineer
  1562 | D        | Noticed an alligator snapping turtle
  1562 | D        | Noticed a merfolk impaler
  1563 | D        | Noticed a merfolk impaler
  1563 | D        | Noticed a merfolk javelineer
  1564 | D        | Found a transporter.
  1571 | D        | Killed a merfolk javelineer
  1572 | D        | Killed a merfolk impaler
  1576 | D        | Reached skill level 15 in Armour
  1581 | D        | Killed a merfolk javelineer
  1595 | D        | Killed an alligator snapping turtle
  1603 | D        | Killed a merfolk javelineer
  1610 | D        | Killed a merfolk impaler
  1966 | D        | Got the Almanac of Attacks
  1974 | D        | Entered arena 14.
  1974 | D        | Noticed a six-headed hydra
  1975 | D        | Noticed a seven-headed hydra
  1984 | D        | Killed a six-headed hydra
  1984 | D        | Reached skill level 15 in Dodging
  1993 | D        | Killed an 11-headed hydra
  1997 | D        | Found a transporter.
  2213 | D        | Entered arena 15.
  2213 | D        | Noticed a nagaraja
  2215 | D        | Noticed a nagaraja
  2216 | D        | Found the +2 ratskin cloak {+Rats rPois rN+ Str-1 Int-1
                  | Dex+1}
  2233 | D        | Killed a nagaraja
  2233 | D        | Reached XP level 13. HP: 49/125 MP: 10/19
  2234 | D        | Reached skill level 15 in Fighting
  2238 | D        | Killed a nagaraja
  2238 | D        | Reached skill level 16 in Fighting
  2262 | D        | Found a transporter.
  2389 | D        | Got the cursed ring of the Present {+Inv Str-2}
  2393 | D        | Got the amulet of Mury {Inacc rN+}
  2397 | D        | Got the amulet "Xiur" {Faith MP+9 Int+5}
  2684 | D        | Entered arena 16.
  2684 | D        | Identified the amulet of Orthodoxy {Reflect MR++ Dex+3
                  | SH+3}
  2684 | D        | Noticed a vampire knight
  2684 | D        | Identified the ring "Gaxyatz" {AC+3 Int+4 Dex+3 Stlth+}
  2685 | D        | Identified the ring of Laykolyts {rPois rF- MR+ Dex+7}
  2685 | D        | Noticed a vampire knight
  2686 | D        | Noticed a lich
  2694 | D        | Killed a vampire knight
  2700 | D        | Killed a lich
  2700 | D        | Reached skill level 18 in Fighting
  2705 | D        | Killed a vampire knight
  2709 | D        | Reached skill level 19 in Fighting
  2717 | D        | Found a transporter.
  2735 | D        | Got the Incunabulum of Combat Magic and the Frostbite
  2843 | D        | Entered arena 17.
  2846 | D        | Noticed a blizzard demon
  2851 | D        | Found a transporter.
  2853 | D        | Killed a blizzard demon
  2853 | D        | Reached skill level 20 in Fighting
  3146 | D        | Entered arena 18.
  3148 | D        | Noticed an apis
  3149 | D        | Noticed an apis
  3150 | D        | Identified the +3 war axe of Earthquakes {holy, Dex+3}
  3155 | D        | Reached skill level 21 in Fighting
  3165 | D        | Killed an apis
  3165 | D        | Reached skill level 22 in Fighting
  3171 | D        | Reached skill level 23 in Fighting
  3175 | D        | Killed an apis
  3435 | D        | Found a transporter.
  3460 | D        | Got the ring "Qunkimayse" {AC+4 Dex+3}
  3471 | D        | Entered arena 19.
  3544 | D        | Reached skill level 24 in Fighting
  3544 | D        | Reached XP level 14. HP: 159/159 MP: 20/20
  3591 | D        | Found the +5 pair of quick blades "Gyre" and "Gimble"
                  | {pierce, Dex-3}
  3604 | D        | Found a transporter.
  3700 | D        | Entered arena 20.
  3704 | D        | Noticed a spriggan defender
  3705 | D        | Noticed a spriggan defender
  3706 | D        | Noticed an apis
  3706 | D        | Noticed a spriggan defender
  3707 | D        | Identified the +4 hand axe of Kuofarr {protect, rC+ Stlth+}
  3707 | D        | Identified the +9 rapier of Xom's Benevolence {drain, MR+}
  3722 | D        | Killed a spriggan defender
  3724 | D        | HP: 8/160 [poisoned by a spriggan berserker]
  3727 | D        | Slain by a spriggan defender

Skill      XL: |  1  2  3  4  5  6  7  8  9 10 11 12 13 14 |
---------------+-------------------------------------------+-----
Fighting       | 6 9 12 14 24 | 24.4
Axes           | 6 |  6.2
Armour         | 4 8 9 11 14 17 18 | 18.3
Staves         | 10 11 13 15 19 21 | 21.2
Stealth        | 8 9 10 11 12 | 12.2
Dodging        | 6 7 10 12 16 | 16.8
Invocations    | 6 10 11 | 11.1

Action                   |  1- 3 |  4- 6 |  7- 9 | 10-12 | 13-15 || total
-------------------------+-------+-------+-------+-------+-------++-------
Melee: Shillelagh        |     4 |     2 |    13 |       |       ||    19
       Headbutt          |       |       |    12 |    29 |    35 ||    76
       Lajatang          |       |       |    35 |   124 |   134 ||   293
Invok: Upheaval          |       |       |     2 |     2 |     1 ||     5
       Disaster Area     |       |       |       |     2 |     2 ||     4
       Elemental Force   |       |       |       |       |     1 ||     1
Evoke: Box of beasts     |       |       |       |     1 |       ||     1
  Use: Potion            |     1 |       |       |     9 |     5 ||    15
       Scroll            |       |       |       |     1 |       ||     1
  Eat: Ration            |       |       |       |     1 |     1 ||     2
       Chunk             |       |       |       |     1 |       ||     1
Armor: Plate armour      |     3 |     3 |    31 |   167 |   124 ||   328
Dodge: Dodged            |       |       |    26 |   158 |   176 ||   360
       Deflected         |       |       |       |     6 |     4 ||    10
Block: Shield            |     4 |     5 |    11 |       |       ||    20
       Other             |       |       |    13 |    82 |    95 ||   190
